Cogmind - Beta 15 @@@ ROGUE MODE // 2025.05.21 @ 23:54:14 Player: Some Pennies Result: Destroyed by Lightning with EMDS Performance ------------- Evolutions (5) 2500 Regions Visited (20) 4000 Robots Destroyed (279) 1395 Value Destroyed (6855) 6855 Prototype IDs (69) 1380 Alien Tech Used (0) 0 Bonus (1622) 1622 TOTAL SCORE: 17752 Bonus ------- High Alert Combat Kills 550 Follower Combat Kills 2196 Network Hubs Disabled 200 Registered with UFD 300 Met Data Miner 300 Met Zhirov 300 Built Enhanced Grunts 300 Friendly Fire -2524 Cogmind --------- Core Integrity 0/1000 Matter 164/300 Energy 111/150 System Corruption 54% Temperature Cool (0) Movement Flying (27) Location -5/Hub_04(d) Parts ------- > --- POWER (1) -------- Micro Antimatter Reactor > --- PROPULSION (5) --- Improved VTOL Module Improved VTOL Module Cooled Nuclear Pulse Thruster Nuclear Pulse Array > --- UTILITY (9) ------ Medium Storage Unit Seismic Detector Improved Hacking Suite Improved Hacking Suite Advanced Hacking Suite Quantum Router > --- WEAPON (2) ------- Advanced Variable Charge Gun > --- INVENTORY (10) --- Compact Particle Reactor Quantum Reactor Quantum Reactor Cooled VTOL Module Cooled Nuclear Pulse Thruster Matter Compressor (250) Advanced Gravity Neutralizer Mini Grenade Launcher Improved Remote Datajack Lance Peak State ------------ > --- POWER ------------ Quantum Reactor > --- PROPULSION ------- Improved Medium Treads Centrium Heavy Treads Centrium Heavy Treads > --- UTILITY ---------- Experimental Heat Sink Experimental Heat Sink Huge Storage Unit Improved Transmission Jammer Centrium Medium Armor Plating Centrium Medium Armor Plating Improved Hacking Suite Improved System Shield Quantum Router > --- WEAPON ----------- Advanced KE Penetrator Advanced KE Penetrator > --- INVENTORY -------- Micro Antimatter Reactor Compact Particle Reactor Quantum Reactor Quantum Reactor Centrium Heavy Treads Improved VTOL Module Improved VTOL Module Cooled VTOL Module Cooled Nuclear Pulse Thruster Cooled Nuclear Pulse Thruster Nuclear Pulse Array Medium Storage Unit Matter Compressor Advanced Gravity Neutralizer Seismic Detector Improved Hacking Suite Advanced Hacking Suite Advanced Variable Charge Gun Advanced Plasma Cannon Mini Grenade Launcher Improved Remote Datajack Lance [Rating: 139] Favorites ----------- Power Cooled Ion Engine Engine Cooled Ion Engine Power Core Light Nuclear Core Reactor Quantum Reactor Propulsion Light Treads Treads Light Treads Leg Carbon-fiber Leg Flight Unit Improved VTOL Module Utility High-capacity Storage Unit Device Seismic Detector Storage High-capacity Storage Unit Processor Core Analyzer Hackware Hacking Suite Protection Improved Light Armor Plating Weapon Makeshift Hammer Energy Gun Medium Laser Energy Cannon Advanced Plasma Cannon Ballistic Gun Enhanced Autogun Ballistic Cannon Flak Cannon Launcher Mini Grenade Launcher Special Weapon Mining Laser Impact Weapon Makeshift Hammer Piercing Weapon Lance Special Melee Weapon Improved Datajack Build | -11 -10 -10 -9 -9 -9 -8 -8 -8 -8 -8 -6 -6 -6 -6 -5 -5 -5 -5 -5 -5 ------- Run | Yrd Mat Min Mat Min Exi Min Mat Sto Rec Scr Fac Low Low Dat Pro Fac Ext Cet Arc Hub Slots Evolved 10 | . . . 2 . . . 2 . . . 4 . . . . 2 . . . . Power . | . . . . . . . . . . . . . . . . . . . . . Propulsion 3 | . . . 1 . . . 2 . . . . . . . . . . . . . Utility 7 | . . . 1 . . . . . . . 4 . . . . 2 . . . . Weapon . | . . . . . . . . . . . . . . . . . . . . . Parts Attached 180 | 7 9 1 30 8 2 3 25 31 . 13 12 5 2 1 1 6 3 5 6 10 Power 19 | 1 2 . 4 1 . . 2 2 . 1 . 1 . . . 2 1 1 . 1 Engine 13 | 1 2 . 4 1 . . 2 2 . . . 1 . . . . . . . . Core 4 | . . . . . . . . . . 1 . . . . . 2 1 . . . Reactor 2 | . . . . . . . . . . . . . . . . . . 1 . 1 Propulsion 63 | 2 1 . 13 2 . . 14 15 . 8 . . . 1 . 2 . 2 . 3 Treads 50 | 2 1 . 12 2 . . 11 15 . 3 . . . . . . . 2 . 2 Leg 2 | . . . . . . . 2 . . . . . . . . . . . . . Wheel . | . . . . . . . . . . . . . . . . . . . . . Hover . | . . . . . . . . . . . . . . . . . . . . . Flight 11 | . . . 1 . . . 1 . . 5 . . . 1 . 2 . . . 1 Utility 49 | 2 3 . 4 3 1 . 5 4 . 2 7 2 2 . . 2 1 2 3 6 Device 19 | 1 1 . 2 2 . . 2 1 . . 1 1 2 . . . . . 2 4 Storage 7 | 1 2 . . . 1 . 1 . . 1 . . . . . . . 1 . . Processor 3 | . . . . . . . 1 . . . 1 1 . . . . . . . . Hackware 10 | . . . . . . . . 1 . . 5 . . . . 2 . . . 2 Protection 10 | . . . 2 1 . . 1 2 . 1 . . . . . . 1 1 1 . Artifact . | . . . . . . . . . . . . . . . . . . . . . Weapon 49 | 2 3 1 9 2 1 3 4 10 . 2 5 2 . . 1 . 1 . 3 . Energy Gun 7 | 1 . . . . . . 1 4 . . . . . . . . . . 1 . Energy Cannon 3 | . . . 1 . . . . . . . 2 . . . . . . . . . Ballistic Gun 23 | 1 2 . 7 2 . 1 3 2 . 1 2 . . . . . . . 2 . Ballistic Cannon 1 | . . . . . . 1 . . . . . . . . . . . . . . Launcher 5 | . . . 1 . . 1 . 2 . . . 1 . . . . . . . . Special Weapon 2 | . 1 . . . . . . . . . . . . . . . 1 . . . Impact Weapon 1 | . . 1 . . . . . . . . . . . . . . . . . . Slashing Weapon . | . . . . . . . . . . . . . . . . . . . . . Piercing Weapon 2 | . . . . . . . . . . . 1 1 . . . . . . . . Special Melee Weapon 5 | . . . . . 1 . . 2 . 1 . . . . 1 . . . . . Unidentified Prototypes 17 | . . . 4 . . . 2 7 . . 1 . . . . 2 . . . 1 Corrupted Parts 1 | . . . . . . . . . . . . . . . . . . . 1 . System Corruption 3 | . . . . . . . . . . . . . . . . . . . 3 . Parts Lost 37 | . 1 . 2 10 . 2 1 . . . 1 . . 1 . 2 2 1 . 14 Power 5 | . 1 . 1 1 . . . . . . . . . . . . 1 . . 1 Propulsion 9 | . . . . 2 . 1 1 . . . . . . 1 . . . . . 4 Utility 11 | . . . . 3 . . . . . . . . . . . 1 . 1 . 6 Weapon 12 | . . . 1 4 . 1 . . . . 1 . . . . 1 1 . . 3 Highest Loss Streak 9 | . 1 . 1 9 . 1 1 . . . 1 . . 1 . 1 1 1 . 7 To Critical Strikes . | . . . . . . . . . . . . . . . . . . . . . Average Backups 16 | 3 9 18 18 17 11 11 19 20 19 19 9 10 9 9 9 8 7 14 22 22 Power 1 | . . 1 1 . . . . 1 1 . . 1 1 1 1 1 . 1 4 3 Propulsion 2 | . 2 2 2 3 2 2 1 3 5 4 . 1 1 . . . 1 4 7 6 Utility 8 | . 4 7 8 7 7 7 11 10 9 8 5 6 5 6 6 4 3 4 6 6 Weapon 4 | 1 2 7 6 4 2 1 3 3 4 4 2 2 2 2 2 3 2 2 4 3 Tool/Special . | . . . . . . . . . . . . . . . . . . . . . Unused Backups 51 | . 3 2 14 1 . . 11 3 2 2 3 . . 2 . . . 2 . 6 Power 7 | . . . 1 1 . . 1 1 . . . . . . . . . . . 3 Propulsion 7 | . 2 . 4 . . . 1 . . . . . . . . . . . . . Utility 25 | . 1 . 6 . . . 6 1 1 2 2 . . 2 . . . 1 . 3 Weapon 11 | . . 2 3 . . . 3 1 . . 1 . . . . . . 1 . . Tool/Special 1 | . . . . . . . . . 1 . . . . . . . . . . . Average Slot Usage (%) 97 | . 99 100 99 97 91 88 99 99 100 100 98 100 100 100 100 98 95 89 82 80 Engine 8 | . 13 14 10 10 11 11 9 9 9 8 . 3 6 6 6 . . . . . Treads 30 | . 27 28 32 32 33 25 42 45 45 42 . . . . . . . 5 11 12 Flight 5 | . . . . . . . . . . 2 33 33 33 33 33 29 29 13 . . Device 6 | . 14 14 13 10 11 11 3 . . . 6 6 5 1 5 5 9 2 3 15 Storage 9 | . 14 14 11 11 11 11 9 9 9 9 6 6 6 6 6 5 5 8 11 5 Processor 2 | . . . . . . . 5 7 . . . 3 6 6 6 5 5 5 5 . Hackware 7 | . . . . . . . . 6 9 9 25 26 26 26 26 34 29 29 25 20 Protection 6 | . . . 8 10 11 11 8 4 9 8 5 2 . 4 . . 1 5 4 5 Ballistic Gun 11 | . 14 27 19 18 3 11 17 16 15 . . . . . . . . . 4 5 Impact Weapon 2 | . . . . 2 1 2 . . 1 9 5 6 6 5 5 4 2 . . . Special Melee Weapon 1 | . . . . . 9 . . . 1 9 . . . . 4 4 . . . . Peak Build Rating 139 | 7 12 14 26 24 24 24 36 32 31 38 61 61 61 62 62 88 86 110 120 139 Average Rating 35 | 5 7 12 19 22 19 19 32 30 30 33 55 60 60 60 60 83 80 97 115 120 On Entrance 44 | . 7 12 13 22 24 18 23 31 31 30 38 59 61 60 60 60 75 81 110 118 Naked Turns . | . . . . . . . . . . . . . . . . . . . . . Heaviest Build 134 | 15 54 54 61 62 58 61 65 58 57 62 25 25 24 24 24 22 26 121 134 134 Greatest Support 190 | 40 40 40 67 64 64 64 106 102 102 110 25 25 25 25 25 27 27 160 160 190 Greatest Overweight (x) 4 | . 1 1 1 . . 1 . . . 2 1 . . . . . . 1 . 4 Average Overweight (x) . | . . 1 . . . . . . . . . . . . . . . . . . Largest Inventory Capacity 25 | 8 20 20 20 20 20 20 20 20 20 20 10 10 10 10 10 10 10 25 25 25 Average Capacity 18 | 6 11 20 20 20 20 20 20 20 20 19 10 10 10 10 10 10 10 18 25 24 Most Carried 25 | 7 17 20 20 20 12 13 20 20 20 20 10 10 10 10 10 10 10 25 25 25 Average Carried 17 | 3 9 19 19 17 11 11 19 19 19 19 9 9 9 9 9 9 8 16 24 23 Final Capacity 25 | 8 20 20 20 20 20 20 20 20 20 10 10 10 10 10 10 10 10 25 25 10 Final Carried 25 | 7 17 20 20 11 12 12 20 20 20 10 10 10 10 9 10 10 10 25 25 10 Class Distribution -------------------- 31% | Mutant 25% | Scavenger-Mutant 22% | Commander-Mutant 6% | Wizard-Sprinter 5% | Hacker-Sprinter 4% | Hacker-Mutant Dominant Class ---------------- Mutant | -10/Materials Mutant | -10/Mines Scavenger-Mutant | -9/Materials Mutant | -9/Mines Mutant | -9/Exiles Mutant | -8/Mines Scavenger-Mutant | -8/Materials Scavenger-Mutant | -8/Storage Commander-Mutant | -8/Recycling Commander-Mutant | -8/Scraptown Commander-Sprinter | -6/Factory Hacker-Sprinter | -6/Lower Caves Hacker-Sprinter | -6/Lower Caves Hacker-Sprinter | -6/Data Miner Hacker-Sprinter | -5/Proximity Caves Wizard-Sprinter | -5/Factory Wizard-Sprinter | -5/Extension Wizard-Mutant | -5/Cetus Hacker-Mutant | -5/Archives Hacker-Mutant | -5/Hub_04(d) Resources | -11 -10 -10 -9 -9 -9 -8 -8 -8 -8 -8 -6 -6 -6 -6 -5 -5 -5 -5 -5 -5 ----------- Run | Yrd Mat Min Mat Min Exi Min Mat Sto Rec Scr Fac Low Low Dat Pro Fac Ext Cet Arc Hub Matter Collected 7670 | 303 416 381 1048 332 . 303 1253 1236 198 104 745 100 70 10 85 50 148 433 40 415 Remotely 210 | . . . . . . . 210 . . . . . . . . . . . . . Salvage Created 10748 | 213 736 356 1387 283 . 167 1756 1562 438 . 1352 38 166 25 35 676 533 91 40 894 Parts 573 | 15 49 24 120 22 . 19 109 84 16 . 22 5 4 2 1 11 18 5 5 42 Haulers Intercepted 24 | . 2 . 4 . . . 6 6 . . 4 . . . . 1 . . . 1 Recyclers Shooed 9 | . 2 2 1 . . . 2 1 1 . . . . . . . . . . . Parts Field Recycled . | . . . . . . . . . . . . . . . . . . . . . Retrieved Matter . | . . . . . . . . . . . . . . . . . . . . . Parts Self-Destructed 8 | . . . . . . . . . . . . 4 3 . 1 . . . . . Prevented 3 | . . . . . . . . . . . . . 3 . . . . . . . Kills | -11 -10 -10 -9 -9 -9 -8 -8 -8 -8 -8 -6 -6 -6 -6 -5 -5 -5 -5 -5 -5 ------- Run | Yrd Mat Min Mat Min Exi Min Mat Sto Rec Scr Fac Low Low Dat Pro Fac Ext Cet Arc Hub Combat Hostiles Destroyed 153 | . 11 10 35 11 . 10 30 20 3 . . 4 . . 1 2 6 . . 10 Melee 10 | . . . . 4 . 1 . . . . . . . . 1 1 3 . . . Guns 107 | . 11 10 24 5 . 2 29 20 3 . . . . . . . . . . 3 Cannons 6 | . . . . . . . 1 . . . . . . . . . . . . 5 AOE 27 | . . . 11 1 . 7 . . . . . 4 . . . . 3 . . 1 Classes Destroyed 21 | 3 6 . 1 1 . 1 2 1 1 . 1 . 1 . 1 . 1 . . 1 Worker 24 | 2 3 2 4 1 . . 1 3 . . 2 . . . . 1 . . . 5 Builder 9 | . 1 . 3 1 . . 1 . . . 1 . . . . 1 . . . 1 Tunneler 9 | 3 . . . 2 . 1 1 . . . . . . . . 1 . . . 1 Hauler 24 | . 2 . 4 . . . 6 6 . . 4 . . . . 1 . . . 1 Recycler 23 | 1 2 1 1 . . . 3 2 3 . 5 . . . . 2 2 . . 1 Minesweeper 2 | . . . . . . . . . . . . . 1 . 1 . . . . . Mechanic 3 | . . . . . . . . . . . 2 . . . . 1 . . . . Operator 6 | . 1 . 1 . . . 2 . . . 1 . . . . 1 . . . . Drone 1 | . . . . . . . . . . . . . . . 1 . . . . . Watcher 24 | . 2 . 5 . . . 5 2 . . 4 . . . . 2 3 1 . . Swarmer 56 | . 3 6 16 6 . 7 11 . . . . 4 . . . . 3 . . . Cutter 2 | . . . . . . . . . . . . . . . . . . . . 2 Grunt 46 | . 8 4 9 3 . . 11 7 . . . . . . . 1 2 . . 1 Brawler 2 | . . . . . . . 1 . 1 . . . . . . . . . . . Duelist 1 | . . . . . . . . 1 . . . . . . . . . . . . Sentry 27 | . . . 10 . . . 5 11 . . . . . . . 1 . . . . Demolisher 2 | . . . . 2 . . . . . . . . . . . . . . . . Specialist 2 | . . . . . . . 2 . . . . . . . . . . . . . Hunter 5 | . . . . . . 3 . 1 . . . . . . . . . . . 1 Programmer 4 | . . . . . . . . . 2 . . . . . . . . . . 2 Behemoth 2 | . . . . . . . . . . . . . . . . . 1 . . 1 Lightning 3 | . . . . . . . . . . . . . . . . . . . . 3 Best Kill Streak 12 | 4 3 5 11 6 . 4 12 5 4 . 6 4 1 1 1 4 6 1 . 10 Combat Bots Only 8 | . 3 5 8 6 . 4 8 5 3 . . 4 . . 1 1 3 . . 4 Max Kills in Single Turn 7 | 1 2 1 6 1 . 2 2 2 1 . 1 2 1 1 1 1 2 1 . 7 Gunslinging 1 | . 1 . . . . . 1 1 . . . . . . . . . . . . Exploded 3 | . . . 3 1 . 2 . . . . . 2 . . . . 2 . . 1 Melee 1 | . . . . 1 . 1 . . . . . . . . 1 1 1 . . . Uniques/NPCs Destroyed 2 | . . . . . . . . . . . . . . 1 . . . 1 . . Data Miner (-6/Data Miner) A7 (-5/Cetus) Combat | -11 -10 -10 -9 -9 -9 -8 -8 -8 -8 -8 -6 -6 -6 -6 -5 -5 -5 -5 -5 -5 -------- Run | Yrd Mat Min Mat Min Exi Min Mat Sto Rec Scr Fac Low Low Dat Pro Fac Ext Cet Arc Hub Hostile Shots Fired 854 | . 94 42 120 65 . 33 124 70 45 . 29 12 . 7 7 10 30 3 . 163 Missed 225 | . 23 15 28 10 . 6 46 17 11 . 20 8 . 3 4 3 15 . . 16 Hits 629 | . 71 27 92 55 . 27 78 53 34 . 9 4 . 4 3 7 15 3 . 147 Melee 16 | . . . . . . . . 3 . . . . . . . . . . . 13 Projectile 613 | . 71 27 92 55 . 27 78 50 34 . 9 4 . 4 3 7 15 3 . 134 AOE 20 | . . . . 20 . . . . . . . . . . . . . . . . Critical Strikes 43 | . 2 . 3 . . . 5 6 1 . . . . . . . 1 . . 25 Damage Taken 12565 | . 794 264 1056 1297 . 401 850 888 496 . 73 57 . 193 55 147 287 89 . 5618 Core 1928 | . 190 18 131 160 . 52 125 64 81 . 17 13 . 50 . 43 49 59 . 876 Absorbed by Shields 284 | . . . . . . . 200 . . . . . . . . . 84 . . . Reduced by Siege Mode 519 | . . . . . . . . . . . . . . . . . . . . 519 Regen/Repaired (Parts) 420 | . 115 . . . . . . 212 . . 93 . . . . . . . . . Core Remaining (%) 54 | 100 . 16 . . . 14 . . . 50 . . . . 90 . . . . . Volleys Fired 639 | 11 86 29 121 34 . 13 106 104 21 . 4 4 1 1 9 8 3 4 8 72 Largest 2 | 2 2 2 2 2 . 2 2 2 2 . 1 1 1 1 1 1 1 1 1 2 Hottest 338 | 70 100 46 100 56 . 60 93 53 50 . 98 30 98 98 98 98 30 98 98 338 Shots Fired 1173 | 22 169 60 223 56 . 19 210 199 42 . 4 4 1 1 9 8 3 4 8 131 Gun 1034 | 22 166 60 190 53 . 9 201 199 42 . . . . . . . . . . 92 Cannon 98 | . . . 14 . . 3 9 . . . 4 . 1 1 9 8 . 2 8 39 Launcher 24 | . . . 8 3 . 7 . . . . . 4 . . . . 2 . . . Special 17 | . 3 . 11 . . . . . . . . . . . . . 1 2 . . Kinetic 935 | 11 85 60 190 53 . 12 209 199 42 . . . . . . . . . . 74 Thermal 211 | 11 84 . 25 . . . 1 . . . 4 . 1 1 9 8 . 2 8 57 Explosive 24 | . . . 8 3 . 7 . . . . . 4 . . . . 2 . . . Electromagnetic . | . . . . . . . . . . . . . . . . . . . . . Robot Hit Streak 25 | 7 11 6 10 6 . 6 12 25 11 . . . . . . . 1 1 . 10 Robot Miss Streak 7 | 2 4 7 5 2 . 4 5 4 3 . . 2 . . . . . 1 . 6 Penetration Max 1 | . . . . . . . 1 1 . . . . . . . . . . . 1 Secondary Targets 18 | . 3 2 2 2 . . 3 1 3 . . . . . . . . . . 2 Max Gunslinging Chain 1 | . 1 1 1 1 . . 1 1 1 . . . . . . . . . . 1 Shots Hit Robots 843 | 13 108 39 141 39 5 12 144 139 45 2 26 . 4 1 2 17 19 16 1 70 Core Hits 397 | 7 35 22 77 20 . 18 79 54 9 . 5 5 2 1 1 4 13 5 1 39 Critical Kills 10 | . . . . . . . 2 . . . 2 . . . . 1 . . . 5 Critical Parts Destroyed 18 | . . . 2 2 . 1 2 2 . . 4 . . . . 2 . . . 3 Critical Strikes 36 | 1 5 . 2 2 . 1 4 2 . . 6 . . . . 3 . 2 . 8 Burn 6 | 1 5 . . . . . . . . . . . . . . . . . . . Meltdown 1 | . . . . . . . . . . . . . . . . . . . . 1 Destroy 15 | . . . 2 . . . 4 2 . . . . . . . . . . . 7 Smash 12 | . . . . 2 . 1 . . . . 6 . . . . 3 . . . . Impale 2 | . . . . . . . . . . . . . . . . . . 2 . . Melee Attacks 219 | . . 1 1 7 5 8 2 2 15 2 49 2 6 32 6 30 27 18 6 . Impact 126 | . . 1 1 7 . 8 2 . . . 43 1 2 25 5 25 6 . . . Slashing . | . . . . . . . . . . . . . . . . . . . . . Piercing 63 | . . . . . . . . . . . 5 1 4 7 1 . 21 18 6 . Sneak Attacks 70 | . . . . . 5 . . 2 15 2 13 . 1 1 2 13 3 13 . . Combat Hostiles 4 | . . . . . . . . . . . . . . . 1 1 2 . . . Follow-up Attacks 3 | . . . . . . . . . . . 2 . 1 . . . . . . . Damage Inflicted 22190 | 162 1375 543 3077 748 . 487 3175 2594 631 . 2067 360 316 69 202 1040 1241 752 57 3294 Guns 12668 | 162 1375 543 2090 490 . 86 2995 2594 631 . . . . . . . . . . 1702 Cannons 1087 | . . . 122 . . 48 176 . . . . . . . . . . . . 741 Explosions 2606 | . . . 865 33 . 265 . . . . . 360 . . . . 232 . . 851 Melee 5825 | . . . . 225 . 88 . . . . 2067 . 316 69 202 1040 1009 752 57 . Ramming 4 | . . . . . . . 4 . . . . . . . . . . . . . Kinetic 11719 | 37 705 543 2090 490 . 134 3171 2594 631 . . . . . . . . . . 1324 Thermal 2036 | 125 670 . 122 . . . . . . . . . . . . . . . . 1119 Explosive 1755 | . . . 865 33 . 265 . . . . . 360 . . . . 232 . . . Electromagnetic 851 | . . . . . . . . . . . . . . . . . . . . 851 Impact 3861 | . . . . 225 . 88 . . . . 2040 . 100 . 114 1040 254 . . . Slashing . | . . . . . . . . . . . . . . . . . . . . . Piercing 1964 | . . . . . . . . . . . 27 . 216 69 88 . 755 752 57 . Highest Corruption 53 | . 1 1 3 3 3 3 . . 1 . . . . . . . . . 3 53 Average Corruption 2 | . 1 1 3 3 3 3 . . 1 . . . . . . . . . 2 22 Corruption Purged 3 | . . . . . . . . . . . . . . . . . . . 3 . Corruption Blocked . | . . . . . . . . . . . . . . . . . . . . . Effects 67 | . 9 7 3 16 3 7 . . 6 . . . . . . . . . . 16 Message Errors 12 | . 2 . 1 3 1 1 . . 2 . . . . . . . . . . 2 Matter Fused 14 | . 2 . . 2 2 4 . . 2 . . . . . . . . . . 2 Heat Flow Errors 8 | . . . . 6 . . . . . . . . . . . . . . . 2 Energy Discharges 9 | . 2 4 . 1 . . . . . . . . . . . . . . . 2 Parts Fused 1 | . . . . 1 . . . . . . . . . . . . . . . . Data Loss (minor) 6 | . 1 1 . 2 . 1 . . 1 . . . . . . . . . . . Data Loss (major) 5 | . 1 . 2 1 . . . . 1 . . . . . . . . . . . Misfires 4 | . 1 2 . . . 1 . . . . . . . . . . . . . . Misdirections 5 | . . . . . . . . . . . . . . . . . . . . 5 Weapon Failures 3 | . . . . . . . . . . . . . . . . . . . . 3 Overload Shots 2 | . . . . . . . . . . . . . . . . . . . . 2 Overflow Damage 1904 | . . . 26 98 . 49 . . . . 833 . 86 . 90 470 79 167 . 6 Projectiles . | . . . . . . . . . . . . . . . . . . . . . Explosions 32 | . . . 26 . . . . . . . . . . . . . . . . 6 Melee 1872 | . . . . 98 . 49 . . . . 833 . 86 . 90 470 79 167 . . Knockbacks 18 | . . . . . . 3 4 . . . 6 . . . . 4 1 . . . Impact 11 | . . . . . . . . . . . 6 . . . . 4 1 . . . Kinetic 6 | . . . . . . 2 4 . . . . . . . . . . . . . Secondary 1 | . . . . . . 1 . . . . . . . . . . . . . . Self-Inflicted Damage 221 | . . . 26 47 . 50 . . . . . . . . . . . . . 98 Shots 7 | . . . 1 3 . 2 . . . . . . . . . . . . . 1 Rammed 1 | . . . . . . . 1 . . . . . . . . . . . . . Targets Rammed 1 | . . . . . . . 1 . . . . . . . . . . . . . Kicked . | . . . . . . . . . . . . . . . . . . . . . Crushed . | . . . . . . . . . . . . . . . . . . . . . Highest Temperature 309 | 27 309 11 90 247 . 16 44 55 23 49 198 2 46 50 180 190 9 112 . 300 Average Temperature 41 | 10 65 4 21 85 . 9 11 16 10 26 30 2 18 25 80 76 3 23 . 102 Received Heat Transfer 2291 | . 333 63 354 120 . . 373 432 81 . 24 9 . . . 9 43 9 . 441 Effects 1 | . . . . . . . . . . . . . . . . . . . . 1 Interference 1 | . . . . . . . . . . . . . . . . . . . . 1 Siege Activations 1 | . . . . . . . . . . . . . . . . . . . . 1 Total Turns 145 | . . . . . . . . . . . . . . . . . . . . 145 Longest Duration 145 | . . . . . . . . . . . . . . . . . . . . 145 Martial Activations . | . . . . . . . . . . . . . . . . . . . . . Shielding Activations . | . . . . . . . . . . . . . . . . . . . . . Robots Disrupted . | . . . . . . . . . . . . . . . . . . . . . Combat Hostiles . | . . . . . . . . . . . . . . . . . . . . . Robots Corrupted 17 | . . . . 1 . . . . . . 9 . . . . 6 1 . . . Combat Hostiles 2 | . . . . 1 . . . . . . . . . . . 1 . . . . Parts Fried 38 | . . . . 3 . 1 . . . . 12 . . . 1 14 4 . . 3 Impact Corruptions 40 | . . . . 4 . 1 . . . . 20 . . . 1 12 2 . . . Robots Melted 1 | . . . . . . . . . . . . . . . . . . . . 1 Combat Hostiles 1 | . . . . . . . . . . . . . . . . . . . . 1 Parts Melted 10 | . 2 . . . . . . . . . . . . . . . . . . 8 Heat Transferred 4312 | 444 2368 . 222 . . . . . . . . . . . . . . . . 1278 Parts Sabotaged . | . . . . . . . . . . . . . . . . . . . . . Parts Stolen . | . . . . . . . . . . . . . . . . . . . . . Parts Stripped . | . . . . . . . . . . . . . . . . . . . . . Power Chain Reactions . | . . . . . . . . . . . . . . . . . . . . . Alert | -11 -10 -10 -9 -9 -9 -8 -8 -8 -8 -8 -6 -6 -6 -6 -5 -5 -5 -5 -5 -5 ------- Run | Yrd Mat Min Mat Min Exi Min Mat Sto Rec Scr Fac Low Low Dat Pro Fac Ext Cet Arc Hub Maximum Alert Level 4 | . . . 2 1 . . 2 1 1 . . . . . . . 1 1 . 4 Low Security (%) 64 | 100 100 100 39 74 . 100 49 52 60 . 100 . . . . 100 71 4 100 12 Level 1 24 | . . . 29 25 . . 26 47 39 . . . . . . . 28 95 . 6 Level 2 10 | . . . 30 . . . 24 . . . . . . . . . . . . 35 Level 3 . | . . . . . . . . . . . . . . . . . . . . 18 Level 4 1 | . . . . . . . . . . . . . . . . . . . . 27 Level 5 . | . . . . . . . . . . . . . . . . . . . . . High Security . | . . . . . . . . . . . . . . . . . . . . . Max Security . | . . . . . . . . . . . . . . . . . . . . . Peak Influence 1490 | 20 104 132 653 297 . 165 439 323 279 . 92 . . . . 192 345 327 100 1490 Initial 247 | . 6 22 . 247 . . 31 172 23 . . . . . . 178 16 164 90 16 Average 180 | 2 26 23 282 140 . 106 213 177 156 . 38 . . . . 52 127 265 79 814 Influence Increases 9344 | 30 375 256 1142 322 . 290 1009 838 539 . 586 135 15 20 130 453 780 303 37 2084 Destroy 0b10 Robot/C 4040 | . 220 200 700 220 . 200 600 400 200 . 100 80 . 20 . 40 280 140 . 640 Destroy 0b10 Robot/NC 730 | 30 55 15 90 20 . 5 95 65 20 . 120 . 15 . 10 50 40 5 5 90 Destroy Leader 900 | . 48 40 208 40 . 50 142 156 . . 46 10 . . . 16 16 . . 128 Allied During Kill 1222 | . . . . . . . . 32 151 . 57 . . . . 20 193 142 5 622 Trap Triggered on 0b10 50 | . . . . . . . . 10 . . . . . . . . 40 . . . Successful Hack 214 | . 18 . 37 . . . 13 35 32 . 50 . . . . 22 7 . . . Select Force Hacks 240 | . . . . . . . 30 60 120 . 30 . . . . . . . . . Disable Machine 480 | . 15 . . . . . 45 60 . . 15 . . . . 30 15 . 15 285 Destroy Structure 568 | . 4 1 47 12 . 35 9 5 1 . 18 . . . . 50 54 16 12 304 Advance Influence 150 | . . . . . . . . . . . . . . . . 150 . . . . Partial Spotted 270 | . . . 15 . . . . . . . 105 . . . . 30 120 . . . Lose Combat Pursuer 480 | . 15 . 45 30 . . 75 15 15 . 45 45 . . 120 45 15 . . 15 Influence Decreases 7946 | 20 327 314 508 811 145 208 683 1186 453 146 498 204 29 25 85 464 520 370 217 733 Entered New Map 1418 | . 4 36 . 387 145 . 51 236 37 146 . 34 4 5 . 17 18 130 137 31 Time Decay 4875 | 20 323 278 488 360 . 188 580 650 416 . 256 170 25 20 85 191 293 170 80 282 Lost Part 304 | . . . 20 64 . 20 10 . . . . . . . . 20 20 10 . 140 Lost Ally 722 | . . . . . . . . . . . 216 . . . . 86 80 60 . 280 Purge Threat 627 | . . . . . . . 42 300 . . 26 . . . . 150 109 . . . Squads Dispatched 34 | . 1 . 3 . . . 8 3 . . 7 . . . . 5 . . . 7 Investigation 12 | . . . 1 . . . 2 2 . . 3 . . . . 2 . . . 2 Extermination 4 | . . . . . . . . . . . 1 . . . . 2 . . . 1 Reinforcement 11 | . 1 . 2 . . . 3 1 . . . . . . . 1 . . . 3 Assault 1 | . . . . . . . . . . . . . . . . . . . . 1 Garrison 6 | . . . . . . . 3 . . . 3 . . . . . . . . . Intercept . | . . . . . . . . . . . . . . . . . . . . . Searches Triggered . | . . . . . . . . . . . . . . . . . . . . . Construction Impeded 3 | . . . . . . . . 1 . . . . . . . . . . . 2 Haulers Reinforced . | . . . . . . . . . . . . . . . . . . . . . Active Scanning Responses . | . . . . . . . . . . . . . . . . . . . . . Cargo Convoy Interrupts . | . . . . . . . . . . . . . . . . . . . . . Stealth | -11 -10 -10 -9 -9 -9 -8 -8 -8 -8 -8 -6 -6 -6 -6 -5 -5 -5 -5 -5 -5 --------- Run | Yrd Mat Min Mat Min Exi Min Mat Sto Rec Scr Fac Low Low Dat Pro Fac Ext Cet Arc Hub Distress Signals 15 | . 1 . 3 . . . 4 . . . 1 . . . . . . 2 1 3 Communications Jammed . | . . . . . . . . . . . . . . . . . . . . . Distress Signals . | . . . . . . . . . . . . . . . . . . . . . Times Spotted 298 | . 21 10 50 12 . 8 47 26 11 . 13 9 . 4 12 12 19 10 . 34 Peak Tracking Total 9 | . 4 3 6 4 . 4 9 5 7 . 3 7 . 4 9 4 6 5 . 8 Tactical Retreats 21 | . 1 . 3 1 . . 4 1 1 . 3 1 . . 2 2 1 . . 1 Traps | -11 -10 -10 -9 -9 -9 -8 -8 -8 -8 -8 -6 -6 -6 -6 -5 -5 -5 -5 -5 -5 ------- Run | Yrd Mat Min Mat Min Exi Min Mat Sto Rec Scr Fac Low Low Dat Pro Fac Ext Cet Arc Hub Traps Triggered 6 | . 1 . 1 . . . 1 . . . . . . . . . 2 . . 1 Indirectly . | . . . . . . . . . . . . . . . . . . . . . Trap Hack Attempts 36 | . . . . . . . . 36 . . . . . . . . . . . . Triggered 1 | . . . . . . . . 1 . . . . . . . . . . . . Disarmed 6 | . . . . . . . . 2 . . . . . . . . . . . 4 Reprogrammed 2 | . . . . . . . . 2 . . . . . . . . . . . . Reused 5 | . . . . . . . . 1 . . . . . . . . 4 . . . Traps Extracted 1 | . . . . . . . . . . . . . . . . . 1 . . . Installed 10 | . . . . . . . . . . . . . . . 4 . 6 . . . Triggered 5 | . . . . . . . . 1 . . . . . . . . 4 . . . Most Traps Carried 6 | . . 2 2 . . . . . . . . . 6 6 6 6 6 1 1 1 Machines | -11 -10 -10 -9 -9 -9 -8 -8 -8 -8 -8 -6 -6 -6 -6 -5 -5 -5 -5 -5 -5 ---------- Run | Yrd Mat Min Mat Min Exi Min Mat Sto Rec Scr Fac Low Low Dat Pro Fac Ext Cet Arc Hub Machines Disabled 33 | . 1 . . . . . 3 4 . . 1 . . 1 . 2 1 . 1 19 Max in Single Turn 9 | . 1 . . . . . 1 1 . . 1 . . 1 . 1 1 . 1 9 Garrison Access 3 | . . . . . . . . 1 . . 1 . . . . 1 . . . . Network Hub 1 | . . . . . . . . . . . . . . . . . . . . 1 Machines Repaired . | . . . . . . . . . . . . . . . . . . . . . Machines Dismantled . | . . . . . . . . . . . . . . . . . . . . . Machines Sabotaged . | . . . . . . . . . . . . . . . . . . . . . Overloaded Fab Kills . | . . . . . . . . . . . . . . . . . . . . . Hacking | -11 -10 -10 -9 -9 -9 -8 -8 -8 -8 -8 -6 -6 -6 -6 -5 -5 -5 -5 -5 -5 --------- Run | Yrd Mat Min Mat Min Exi Min Mat Sto Rec Scr Fac Low Low Dat Pro Fac Ext Cet Arc Hub Machines Accessed 109 | . 8 . 8 . 1 . 9 17 11 5 14 2 1 4 . 10 16 . . 3 Terminals 71 | . 6 . 7 . . . 6 13 6 . 9 . . . . 5 16 . . 3 Fabricators 3 | . . . . . . . . . . . 1 . . . . 2 . . . . Repair Stations 3 | . 1 . . . . . . 1 . . 1 . . . . . . . . . Recycling Units 13 | . 1 . . . . . 2 2 4 . 2 . . . . 2 . . . . Scanalyzers 2 | . . . 1 . . . 1 . . . . . . . . . . . . . Garrison Access 3 | . . . . . . . . 1 . . 1 . . . . 1 . . . . Total Hacks 407 | . 24 . 30 . 23 . 27 47 29 28 48 3 1 31 . 68 38 . . 10 Successful 304 | . 10 . 17 . 23 . 15 33 20 28 35 3 1 31 . 57 25 . . 6 Failed 102 | . 14 . 13 . . . 12 14 9 . 13 . . . . 10 13 . . 4 Catastrophic 15 | . 3 . 4 . . . 2 3 . . 1 . . . . . 1 . . 1 Database Lockouts 1 | . . . . . . . . . . . . . . . . 1 . . . . Manual 177 | . 18 . 23 . . . 18 21 19 . 29 . . . . 38 6 1 . 4 Terminals 248 | . 18 . 26 . . . 16 38 17 . 37 . . . . 48 38 . . 10 Fabricators 16 | . . . . . . . . . . . 3 . . . . 13 . . . . Repair Stations 12 | . 5 . . . . . . 4 . . 3 . . . . . . . . . Recycling Units 27 | . 1 . . . . . 5 4 7 . 4 . . . . 6 . . . . Scanalyzers 10 | . . . 4 . . . 6 . . . . . . . . . . . . . Garrison Access 3 | . . . . . . . . 1 . . 1 . . . . 1 . . . . Terminal Hacks 179 | . 1 . 5 . 23 . 1 16 7 28 11 3 1 31 . 25 23 . . 4 Record 63 | . . . . . 23 . . . 5 22 . 2 . 11 . . . . . . Part Schematic 27 | . . . 2 . . . . 1 . . 4 . . 12 . 6 2 . . . Robot Schematic 6 | . . . . . . . . 1 . . . . . 5 . . . . . . Robot Analysis 10 | . . . . . . . . . . 5 2 . . . . 2 . . . 1 Prototype ID Bank 5 | . . . . . . . . 2 . . . . . 3 . . . . . . Open Door 20 | . . . . . . . . 4 . . . 1 1 . . . 14 . . . Level Access Points 1 | . . . . . . . . . . . . . . . . 1 . . . . Branch Access Points 3 | . . . 1 . . . . . . . . . . . . 2 . . . . Emergency Access Points 2 | . . . . . . . . . . . . . . . . 1 . . . 1 Machine Index 2 | . . . . . . . . . . . 1 . . . . 1 . . . . Terminal Index 7 | . 1 . 1 . . . . 1 1 . 1 . . . . 1 1 . . . Alert Level 3 | . . . . . . . . 1 . . . . . . . 1 1 . . . Unreport Threat 6 | . . . . . . . 1 2 . . 1 . . . . 1 1 . . . Locate Traps 2 | . . . . . . . . . . . . . . . . . 1 . . 1 Disarm Traps 1 | . . . . . . . . . . . . . . . . . . . . 1 Dispatch Records 3 | . . . . . . . . 2 . . . . . . . 1 . . . . Patrol Status 2 | . . . . . . . . . . . . . . . . 1 1 . . . Recall Investigation 3 | . . . . . . . . 1 . . . . . . . 2 . . . . Recall Extermination 1 | . . . . . . . . . . . 1 . . . . . . . . . Recall Reinforcements 1 | . . . . . . . . . . . . . . . . 1 . . . . Hauler Manifests 2 | . . . . . . . . . 1 . . . . . . 1 . . . . Registered Components 3 | . . . 1 . . . . . . . . . . . . 1 1 . . . Registered Prototypes 1 | . . . . . . . . . . . . . . . . 1 . . . . Zone Layout 4 | . . . . . . . . 1 . . 1 . . . . 1 1 . . . Proto ID Catalog 1 | . . . . . . . . . . 1 . . . . . . . . . . Fabricator Hacks 9 | . . . . . . . . . . . 2 . . . . 7 . . . . Network Status 3 | . . . . . . . . . . . 2 . . . . 1 . . . . Load Schematic 3 | . . . . . . . . . . . . . . . . 3 . . . . Build 3 | . . . . . . . . . . . . . . . . 3 . . . . Repair Station Hacks 8 | . 2 . . . . . . 4 . . 2 . . . . . . . . . Scan Component 4 | . 1 . . . . . . 2 . . 1 . . . . . . . . . Repair 4 | . 1 . . . . . . 2 . . 1 . . . . . . . . . Recycling Unit Hacks 9 | . . . . . . . 1 1 2 . 3 . . . . 2 . . . . Report Inventory 1 | . . . . . . . . . . . 1 . . . . . . . . . Retrieve Components 8 | . . . . . . . 1 1 2 . 2 . . . . 2 . . . . Scanalyzer 10 | . . . 4 . . . 6 . . . . . . . . . . . . . Insert Component 5 | . . . 2 . . . 3 . . . . . . . . . . . . . Analyze 5 | . . . 2 . . . 3 . . . . . . . . . . . . . Garrison Access Hacks 3 | . . . . . . . . 1 . . 1 . . . . 1 . . . . Seal Access 3 | . . . . . . . . 1 . . 1 . . . . 1 . . . . Unauthorized Hacks 86 | . 7 . 8 . . . 7 11 11 . 16 . . . . 22 2 . . 2 Terminals 68 | . 7 . 8 . . . 6 9 7 . 14 . . . . 13 2 . . 2 Track 1 | . . . . . . . . . . . 1 . . . . . . . . . Assimilate 6 | . 1 . . . . . . . . . 2 . . . . 3 . . . . Botnet 16 | . 1 . 2 . . . 1 3 2 . 2 . . . . 4 1 . . . Disrupt 1 | . . . . . . . . 1 . . . . . . . . . . . . Operators 6 | . 1 . 1 . . . . . . . 2 . . . . 1 1 . . . Skim 36 | . 4 . 5 . . . 5 5 5 . 7 . . . . 5 . . . . Sabotage 2 | . . . . . . . . . . . . . . . . . . . . 2 Fabricators 6 | . . . . . . . . . . . 1 . . . . 5 . . . . Prioritize 2 | . . . . . . . . . . . . . . . . 2 . . . . Liberate 2 | . . . . . . . . . . . . . . . . 2 . . . . Haulers 2 | . . . . . . . . . . . 1 . . . . 1 . . . . Repair Stations . | . . . . . . . . . . . . . . . . . . . . . Recycling Units 12 | . . . . . . . 1 2 4 . 1 . . . . 4 . . . . Reject 1 | . . . . . . . . . . . . . . . . 1 . . . . Recyclers 1 | . . . . . . . . . . . . . . . . 1 . . . . Mask 2 | . . . . . . . . . . . . . . . . 2 . . . . Tunnel 8 | . . . . . . . 1 2 4 . 1 . . . . . . . . . Scanalyzers . | . . . . . . . . . . . . . . . . . . . . . Garrison Access . | . . . . . . . . . . . . . . . . . . . . . Data Cores Recovered 2 | . . . . . . . 1 . . . 1 . . . . . . . . . Used 1 | . . . . . . . . . . . 1 . . . . . . . . . Hacking Detections 66 | . 8 . 8 . . . 9 11 7 . 10 . . . . 7 5 . . 1 Full Trace Events 4 | . . . . . . . . . . . 2 . . . . 2 . . . . Feedback Events . | . . . . . . . . . . . . . . . . . . . . . Feedback Blocked . | . . . . . . . . . . . . . . . . . . . . . Robot Schematics Acquired 6 | . . . . . . . . 1 . . . . . 5 . . . . . . Robots Built 3 | . . . . . . . . . . . . . . . . 3 . . . . Authchips . | . . . . . . . . . . . . . . . . . . . . . Time 67 | . . . . . . . . . . . . . . . . 67 . . . . Total Robot Build Rating 12 | . . . . . . . . . . . . . . . . 12 . . . . Part Schematics Acquired 32 | . . . 4 . . . 3 1 . . 4 . . 12 . 6 2 . . . Parts Built 2 | . . . . . . . . . . . . . . . . 2 . . . . Authchips . | . . . . . . . . . . . . . . . . . . . . . Time 84 | . . . . . . . . . . . . . . . . 84 . . . . Total Part Build Rating 12 | . . . . . . . . . . . . . . . . 12 . . . . Parts Repaired 4 | . 1 . . . . . . 2 . . 1 . . . . . . . . . Time 186 | . 26 . . . . . . 104 . . 56 . . . . . . . . . Parts Recycled . | . . . . . . . . . . . . . . . . . . . . . Recycled Matter . | . . . . . . . . . . . . . . . . . . . . . Retrieved Matter . | . . . . . . . . . . . . . . . . . . . . . Retrieved Components 33 | . . . . . . . . 10 10 . 11 . . . . 2 . . . . Parts Scanalyzed 5 | . . . 2 . . . 3 . . . . . . . . . . . . . Part Schematics Acquired 5 | . . . 2 . . . 3 . . . . . . . . . . . . . Parts Damaged . | . . . . . . . . . . . . . . . . . . . . . Bothacking | -11 -10 -10 -9 -9 -9 -8 -8 -8 -8 -8 -6 -6 -6 -6 -5 -5 -5 -5 -5 -5 ------------ Run | Yrd Mat Min Mat Min Exi Min Mat Sto Rec Scr Fac Low Low Dat Pro Fac Ext Cet Arc Hub Used RIF Installer . | . . . . . . . . . . . . . . . . . . . . . Robots Hacked 11 | . . . . . 5 . . . 1 2 1 . . . . . 1 1 . . Non-combat 4 | . . . . . 3 . . . . . 1 . . . . . . . . . Combat 7 | . . . . . 2 . . . 1 2 . . . . . . 1 1 . . Robot Hacks Applied 11 | . . . . . 5 . . . 1 2 1 . . . . . 1 1 . . parse_system 11 | . . . . . 5 . . . 1 2 1 . . . . . 1 1 . . Relay Couplers Released . | . . . . . . . . . . . . . . . . . . . . . Fabnet Peak Effective % . | . . . . . . . . . . . . . . . . . . . . . Robots Rewired 12 | . . . . . . . . . 5 . . . . . . 3 4 . . . Allies Hacked 1 | . . . . . . . . . . . 1 . . . . . . . . . Hacks Repelled . | . . . . . . . . . . . . . . . . . . . . . Allies | -11 -10 -10 -9 -9 -9 -8 -8 -8 -8 -8 -6 -6 -6 -6 -5 -5 -5 -5 -5 -5 -------- Run | Yrd Mat Min Mat Min Exi Min Mat Sto Rec Scr Fac Low Low Dat Pro Fac Ext Cet Arc Hub Total Allies 55 | . . . . 2 . . . 10 5 . 2 . . . . 7 24 5 . . Largest Group 21 | . . . . 2 2 . . 10 14 13 13 . . . . 6 19 21 20 18 Highest-Rated Group 1048 | . . . . 43 43 . . 173 221 205 225 . . . . 164 671 1048 889 841 Highest-Rated Ally 159 | . . . . 31 31 . . 29 29 29 29 . . . . 49 159 159 96 96 Total Orders 8 | . . . . . . . . . . . . . . . . 8 . . . . STAY 5 | . . . . . . . . . . . . . . . . 5 . . . . FOLLOW 3 | . . . . . . . . . . . . . . . . 3 . . . . Ally Attacks 431 | . . . . . . . . 1 41 . 72 . . . . 28 110 64 . 115 Total Damage 9262 | . . . . . . . . 15 519 . 1062 . . . . 591 1987 1126 . 3962 Kills 70 | . . . . . . . . . 7 . 10 . . . . . 11 7 . 35 Allies Corrupted 1 | . . . . . . . . . . . . . . . . . . . . 1 Allies Melted 1 | . . . . . . . . . . . . . . . . . . . . 1 Intel | -11 -10 -10 -9 -9 -9 -8 -8 -8 -8 -8 -6 -6 -6 -6 -5 -5 -5 -5 -5 -5 ------- Run | Yrd Mat Min Mat Min Exi Min Mat Sto Rec Scr Fac Low Low Dat Pro Fac Ext Cet Arc Hub Active Infowar (turns) 8356 | 50 1479 1204 1524 215 351 419 130 . . . 628 343 110 26 187 434 725 133 . 398 Sensors 1824 | . . . . . . . . . . . . 209 110 26 187 434 725 133 . . IFF 516 | . . . . . . . . . . . 382 134 . . . . . . . . Structural 1523 | . . . 1523 . . . . . . . . . . . . . . . . . Seismic 5070 | 50 1479 1204 561 215 351 419 130 . . . 275 . . . . . . . . 386 Jamming 135 | . . . . . . . . . . . . . . . . . . . . 135 Robot Analysis Total 10 | . . . . . . . . . . 5 2 . . . . 2 . . . 1 Derelict Logs Recovered 7 | . . 1 . 1 . . . . . . . 2 2 . 1 . . . . . Drone Launches . | . . . . . . . . . . . . . . . . . . . . . Drone Recoveries . | . . . . . . . . . . . . . . . . . . . . . Exploration | -11 -10 -10 -9 -9 -9 -8 -8 -8 -8 -8 -6 -6 -6 -6 -5 -5 -5 -5 -5 -5 ------------- Run | Yrd Mat Min Mat Min Exi Min Mat Sto Rec Scr Fac Low Low Dat Pro Fac Ext Cet Arc Hub Turns Passed 18955 | 155 1479 1204 2438 853 351 419 2197 2396 1018 2724 631 343 135 124 196 434 725 344 163 626 Spaces Moved 14038 | 67 619 460 1190 386 226 180 1099 1125 588 1706 1887 701 429 133 455 1200 1028 271 45 243 Core 2 | 2 . . . . . . . . . . . . . . . . . . . . Treads 7881 | 65 619 460 1190 386 226 180 1099 1125 588 1602 . . . . . . . 70 45 226 Legs . | . . . . . . . . . . . . . . . . . . . . . Wheels . | . . . . . . . . . . . . . . . . . . . . . Hover . | . . . . . . . . . . . . . . . . . . . . . Flight 6155 | . . . . . . . . . . 104 1887 701 429 133 455 1200 1028 201 . 17 Fastest Speed 23 | 50 160 240 150 150 150 150 145 157 157 24 24 24 24 24 24 23 23 23 160 27 Average Speed 102 | 156 173 240 156 153 150 196 153 158 157 152 24 24 24 24 24 23 23 59 160 151 Slowest Speed 322 | 160 240 240 232 155 150 232 157 160 157 164 97 24 24 24 24 24 23 240 160 322 Overloaded Moves . | . . . . . . . . . . . . . . . . . . . . . Propulsion Burnouts . | . . . . . . . . . . . . . . . . . . . . . Robots Hopped 11 | . . . . . . . . . . . 10 . . . . . 1 . . . Potential Cave-ins 4 | . . . . . . . . . . . . . . . . 4 . . . . Cave-ins Triggered . | . . . . . . . . . . . . . . . . . . . . . Exploration Rate (%) 65 | 5 93 96 94 79 58 59 64 95 91 89 48 68 67 80 44 15 82 54 52 33 Regions Visited 20 Branch Regions 15 Pre-discovered Areas 25 | . . . 2 2 1 . 7 3 4 1 1 1 1 1 . 1 . . . . Known Exits Taken 13 | . . . 1 . . 1 . 1 1 . 1 1 1 1 1 1 1 1 1 . Unknown Exits Taken 7 | 1 1 1 . 1 1 . 1 . . 1 . . . . . . . . . . Scrap Searched 19 | . . 1 . 1 . 1 . . . 11 . 4 . . 1 . . . . . Spaces Dug 122 | . 2 1 26 . . 21 2 . . . 18 1 2 2 9 16 5 3 6 8 Terrain Destroyed 436 | . 2 1 62 19 . 47 3 1 . . 18 40 2 2 10 16 25 3 6 179 Melee 37 | . . 1 1 . . . 2 . . . 14 1 1 1 1 8 5 1 1 . Projectile 74 | . 2 . 5 . . . 1 1 . . 4 . 1 1 9 8 . 2 5 35 AOE 325 | . . . 56 19 . 47 . . . . . 39 . . . . 20 . . 144 Terrain Rammed . | . . . . . . . . . . . . . . . . . . . . . Walls Destroyed . | . . . . . . . . . . . . . . . . . . . . . Machines Disabled . | . . . . . . . . . . . . . . . . . . . . . Actions | -11 -10 -10 -9 -9 -9 -8 -8 -8 -8 -8 -6 -6 -6 -6 -5 -5 -5 -5 -5 -5 --------- Run | Yrd Mat Min Mat Min Exi Min Mat Sto Rec Scr Fac Low Low Dat Pro Fac Ext Cet Arc Hub Total 17248 | 93 852 502 1539 584 236 218 1409 1598 658 1827 1999 867 451 192 523 1317 1475 425 118 365 Wait 1620 | . 102 4 109 139 . 7 91 243 24 80 27 153 6 23 41 64 349 97 44 17 Move 13997 | 66 618 459 1189 385 225 179 1098 1124 587 1705 1867 700 428 132 454 1199 1025 270 44 243 Hop 10 | . . . . . . . . . . . 9 . . . . . 1 . . . Pick Up 155 | 9 20 5 26 3 . 3 32 7 3 4 12 1 2 2 2 2 2 16 2 2 Fast Attach 57 | 5 1 . 10 . 2 . 5 14 . 2 7 . 1 . . . 1 1 3 5 Attach 64 | 2 3 . 4 11 . 4 4 1 . 2 6 . . 1 1 2 5 4 1 13 Detach 14 | . 1 . 1 . 1 1 1 . . . . . . . . . 3 6 . . Swap 180 | . 8 2 33 2 1 3 32 29 5 12 8 6 6 3 5 8 1 4 7 5 Drop 204 | . 13 2 45 3 2 . 37 38 3 20 13 2 3 2 1 4 . 5 3 8 Fire 639 | 11 86 29 121 34 . 13 106 104 21 . 4 4 1 1 9 8 3 4 8 72 Melee 209 | . . 1 1 7 5 8 2 2 15 2 46 1 4 28 6 30 27 18 6 . Ram . | . . . . . . . . . . . . . . . . . . . . . Kick . | . . . . . . . . . . . . . . . . . . . . . Crush 1 | . . . . . . . 1 . . . . . . . . . . . . . Escape Stasis 36 | . . . . . . . . . . . . . . . . . 36 . . . Rewire 16 | . . . . . . . . . . . . . . . . . 16 . . . Trap 46 | . . . . . . . . 36 . . . . . . 4 . 6 . . . Miscellaneous . | . . . . . . . . . . . . . . . . . . . . . Route ------- -11/Scrapyard -10/Materials (discovered 4 exits: *Mat x2 / [*Min] / [*Sub]) -10/Mines (discovered 2 exits: *Mat x2) -9/Materials (discovered 4 exits: *Mat x3 / *Min) -9/Mines (discovered 4 exits: *Mat x2 / *Exi / [*Zio]) -9/Exiles -8/Mines (discovered 2 exits: *Mat x2) -8/Materials (discovered 5 exits: *Fac x3 / *Sto x2) -8/Storage (discovered 2 exits: *Fac / *Rec) -8/Recycling (discovered 2 exits: *Fac / *Scr) -8/Scraptown (discovered 2 exits: *Fac x2) -6/Factory (discovered 6 exits: *Fac x4 / *Low x2) -6/Lower Caves -6/Lower Caves -6/Data Miner -5/Proximity Caves -5/Factory (discovered 8 exits: *Fac x4 / *Upp x2 / *Ext x2) -5/Extension (discovered 2 exits: *Fac / *Cet) -5/Cetus -5/Archives -5/Hub_04(d) (discovered 1 exit: *Fac) History --------- Turn | Location | Event 27 | -11/Scrapyard | Discovered new exit (range 16) 156 | -11/Scrapyard | Entered Materials 340 | -10/Materials | Build established: Mutant 572 | -10/Materials | Core integrity fell below 50% 731 | -10/Materials | Discovered new exit (range 11) 1002 | -10/Materials | Discovered new exit (range 5) 1087 | -10/Materials | Discovered new exit (range 8) 1152 | -10/Materials | Discovered new exit (range 11) 1196 | -10/Materials | Repaired Lgt. Treads 1635 | -10/Materials | Entered Mines 1638 | -10/Mines | Core integrity fell below 20% 1726 | -10/Mines | A weapon hastily lodged in a ceiling crevice suddenly fell to the ground 1760 | -10/Mines | Learned 2 Materials zone layouts 1792 | -10/Mines | Found a hidden stash of uninstalled traps 1883 | -10/Mines | Discovered new exit (range 15) 2051 | -10/Mines | Discovered new exit (range 7) 2248 | -10/Mines | Received a Rocket Launcher from a helpful Derelict 2839 | -10/Mines | Entered Materials 2839 | -9/Materials | Evolved 2 slots: Propulsion x1, Utility x1 2840 | -9/Materials | Identified exit to Materials 3296 | -9/Materials | Discovered exit to Materials (range 3) 3390 | -9/Materials | Learned Recycling recycling unit intel 3531 | -9/Materials | Identified exit to Mines 3633 | -9/Materials | Learned Recycling recycling unit intel 3712 | -9/Materials | Loaded intel: 2 recycling unit locations 3739 | -9/Materials | Build established: Scavenger-Mutant 3765 | -9/Materials | Learned location of Zion (-7) 3830 | -9/Materials | Learned Storage trap positions 4527 | -9/Materials | Build established: Mutant 4563 | -9/Materials | Destroyed 8 combat bots 5277 | -9/Materials | Entered Mines 5357 | -9/Mines | Assembled infested the area 5692 | -9/Mines | A Derelict revealed a hidden shortcut to a safe place 5891 | -9/Mines | Core integrity fell below 50% 5937 | -9/Mines | Lost 9 parts (1p2n2u4w) 5965 | -9/Mines | Learned location of Storage (-8) 6108 | -9/Mines | Deemed a non-threat by the Exiles lab entrance 6109 | -9/Mines | Discovered new exit (range 5) 6130 | -9/Mines | Entered Exiles 6130 | -9/Exiles | Accompanied by 2 allies 6160 | -9/Exiles | Led the pair of lost Derelicts to a safe place 6171 | -9/Exiles | Met 8R-AWN 6245 | -9/Exiles | Met EX-HEX 6287 | -9/Exiles | Met EX-BIN 6347 | -9/Exiles | Met EX-DEC 6468 | -9/Exiles | Discovered new exit (range 10) 6481 | -9/Exiles | Entered Mines 6719 | -8/Mines | Discovered exit to Materials (range 4) 6733 | -8/Mines | Core integrity fell below 20% 6830 | -8/Mines | Discovered exit to Materials (range 7) 6900 | -8/Mines | Entered Materials 6900 | -8/Materials | Evolved 2 slots: Propulsion x2 7162 | -8/Materials | Garrison activated, responded to threat 7227 | -8/Materials | Discovered new exit (range 11) 7634 | -8/Materials | Build established: Scavenger-Mutant 7715 | -8/Materials | Discovered new exit (range 10) 8025 | -8/Materials | Destroyed 8 combat bots 8108 | -8/Materials | Discovered new exit (range 14) 8209 | -8/Materials | Identified exit to Factory 8268 | -8/Materials | Learned 4 Recycling zone layouts 8316 | -8/Materials | Learned location of Extension (-5) 8398 | -8/Materials | Learned Storage stockpile data 8473 | -8/Materials | Learned location of 2 exits from Lower Caves 9097 | -8/Materials | Entered Storage 9098 | -8/Storage | Loaded intel: 23 trap records 10007 | -8/Storage | Found Prototype Launcher 10007 | -8/Storage | Identified Gui. Missile Launcher 10386 | -8/Storage | Repaired Gauss Rifle 10448 | -8/Storage | Repaired Enh. Autogun 10522 | -8/Storage | Discovered exit to Factory (range 15) 10735 | -8/Storage | Learned location of 2 exits from Factory 10807 | -8/Storage | Identified exit to Recycling 10881 | -8/Storage | Assisted by bots powering up and referring to "LRC-V3" 10989 | -8/Storage | Learned location of 1 exit from Storage 11011 | -8/Storage | Learned Storage stockpile data 11191 | -8/Storage | Build established: Commander-Mutant 11201 | -8/Storage | Loaded intel: 14 terminal locations 11463 | -8/Storage | Used back door to open Recycling access 11493 | -8/Storage | Entered Recycling 11493 | -8/Recycling | Accompanied by 10 allies 11494 | -8/Recycling | Identified exit to Scraptown 11495 | -8/Recycling | Loaded intel: 4 recycling unit locations 11919 | -8/Recycling | P-60 Hacker assimilated allied Trooper 3f 12123 | -8/Recycling | Discovered new exit (range 16) 12316 | -8/Recycling | Learned 12 Factory zone layouts 12385 | -8/Recycling | Learned 4 Recycling zone layouts 12443 | -8/Recycling | Learned 2 Lower Caves zone layouts 12445 | -8/Recycling | Scanned before Scraplab entrance 12470 | -8/Recycling | Entered Scraplab 12493 | -8/Recycling | Learned Storage trap positions 12511 | -8/Recycling | Entered Scraptown 12511 | -8/Scraptown | Accompanied by 13 allies 12511 | -8/Scraptown | System corruption cleaned by C-Scrubber 12552 | -8/Scraptown | Heard Great Nut preacher, LISTEN AND RECITE! 12891 | -8/Scraptown | Visited Symbiants 12934 | -8/Scraptown | Visited Bundlers 13031 | -8/Scraptown | Visited IN-MT5's Study 13072 | -8/Scraptown | Visited Shadow of the Wyrm 13107 | -8/Scraptown | Visited Cyclists 13203 | -8/Scraptown | Discovered new exit (range 11) 13559 | -8/Scraptown | Visited Awakened 13587 | -8/Scraptown | Visited UFD Registry 13587 | -8/Scraptown | Registered with UFD as "Armorform" 13634 | -8/Scraptown | Visited Chapter 10 13706 | -8/Scraptown | Visited Curators Association 13775 | -8/Scraptown | Visited Supply Room 13808 | -8/Scraptown | Visited Analyses Database 13868 | -8/Scraptown | Visited Scrap Suit Storage 13903 | -8/Scraptown | Visited Botcube Research 14126 | -8/Scraptown | Visited Scrapoid Pod Storage 14151 | -8/Scraptown | Visited Science Guys 14425 | -8/Scraptown | Visited DA-N13 Charitable Foundation 14432 | -8/Scraptown | Found DCF Scrap (30 items) 14656 | -8/Scraptown | Entered Cyclist Reading Room 15153 | -8/Scraptown | Discovered new exit (range 3) 15235 | -8/Scraptown | Entered Factory 15235 | -6/Factory | Accompanied by 13 allies 15235 | -6/Factory | Evolved 4 slots: Utility x4 15236 | -6/Factory | Identified exit to Lower Caves 15237 | -6/Factory | Identified exit to Factory 15431 | -6/Factory | Build established: Commander-Sprinter 15644 | -6/Factory | Garrison activated, responded to threat 15828 | -6/Factory | Repaired Adv. Plasma Cannon 15866 | -6/Factory | Entered Lower Caves 15867 | -6/Lower Caves | Identified exit to Lower Caves 15886 | -6/Lower Caves | Learned 4 Factory zone layouts 15940 | -6/Lower Caves | Build established: Hacker-Sprinter 15975 | -6/Lower Caves | Entered a destroyed Warlord outpost 16209 | -6/Lower Caves | Entered another Lower Caves area 16210 | -6/Lower Caves | Identified exit to Data Miner 16210 | -6/Lower Caves | Learned 8 Factory zone layouts 16344 | -6/Lower Caves | Entered Data Miner 16344 | -6/Data Miner | Discovered new exit (range 6) 16349 | -6/Data Miner | Met Data Miner 16355 | -6/Data Miner | Learned location of Section 7 (-2) 16355 | -6/Data Miner | Acquired the access code to Warlord's prototype stash 16358 | -6/Data Miner | Received God Mode back door access code from Data Miner 16362 | -6/Data Miner | Destroyed Data Miner 16366 | -6/Data Miner | Found Prototype Hackware 16367 | -6/Data Miner | Found Prototype Hackware 16368 | -6/Data Miner | Data Conduit disabled 16468 | -6/Data Miner | Identified exit to Proximity Caves 16468 | -6/Data Miner | Entered Proximity Caves 16471 | -5/Proximity Caves | Spotter reported a threat 16664 | -5/Proximity Caves | Entered Factory 16664 | -5/Factory | Evolved 2 slots: Utility x2 16664 | -5/Factory | Identified Quantum Router 16665 | -5/Factory | Identified exit to Extension 16665 | -5/Factory | Identified System Mapper 16666 | -5/Factory | Identified exit to Upper Caves 16666 | -5/Factory | Identified exit to Factory 16703 | -5/Factory | Central database locked down 16792 | -5/Factory | Fabricated B-48 Gladiator (x3) 16827 | -5/Factory | Fabricated Cld. Nuclear Pulse Thruster? 16834 | -5/Factory | Fabricated Cld. Nuclear Pulse Thruster? 16841 | -5/Factory | Learned 2 Proximity Caves zone layouts 16921 | -5/Factory | Learned Quarantine security intel 16971 | -5/Factory | Build established: Wizard-Sprinter 17029 | -5/Factory | Lost 4 allies 17049 | -5/Factory | Learned 2 Upper Caves zone layouts 17098 | -5/Factory | Entered Extension 17226 | -5/Extension | Rescued a captive Derelict 17226 | -5/Extension | Rescued a captive Derelict 17233 | -5/Extension | Rescued a captive Derelict 17236 | -5/Extension | Rescued a captive Derelict 17257 | -5/Extension | Rescued a captive Derelict 17303 | -5/Extension | Rescued a captive Derelict 17308 | -5/Extension | Rescued a captive Derelict 17310 | -5/Extension | Rescued a captive Derelict 17311 | -5/Extension | Rescued a captive Derelict 17470 | -5/Extension | Spotted B-75 Beast 17470 | -5/Extension | Spotted B-75 Beast 17509 | -5/Extension | Allies destroyed B-75 Beast 17546 | -5/Extension | Destroyed B-75 Beast 17555 | -5/Extension | Rescued A7 17562 | -5/Extension | Lost 3 allies 17580 | -5/Extension | Rescued a captive Derelict 17581 | -5/Extension | Rescued a captive Derelict 17593 | -5/Extension | Rescued a captive Derelict 17594 | -5/Extension | Rescued a captive Derelict 17609 | -5/Extension | Rescued a captive Derelict 17610 | -5/Extension | Rescued a captive Derelict 17675 | -5/Extension | Rescued a captive Derelict 17683 | -5/Extension | Rescued a captive Derelict 17684 | -5/Extension | Rescued a captive Derelict 17691 | -5/Extension | Rescued a captive Derelict 17692 | -5/Extension | Rescued a captive Derelict 17697 | -5/Extension | Discovered exit to Factory (range 10) 17698 | -5/Extension | Discovered new exit (range 6) 17744 | -5/Extension | Identified exit to Cetus 17823 | -5/Extension | Entered Cetus 17823 | -5/Cetus | Accompanied by 19 allies (A7) 17828 | -5/Cetus | Acquired a Cetus Manufacturing Module code from A7 17828 | -5/Cetus | Spotted Cetus Guard 17828 | -5/Cetus | Spotted Cetus Guard 17828 | -5/Cetus | Spotted Cetus Guard 17838 | -5/Cetus | Allies destroyed Cetus Guard 17838 | -5/Cetus | Spotted Cetus Guard 17843 | -5/Cetus | Allies destroyed Cetus Guard 17848 | -5/Cetus | Allies destroyed Cetus Guard 17901 | -5/Cetus | Started Cetus Manufacturing Module 17903 | -5/Cetus | Discovered new exit (range 16) 17908 | -5/Cetus | Spotted Cetus Guard 17908 | -5/Cetus | Spotted Cetus Guard 17926 | -5/Cetus | Manufactured an Enhanced Grunt 17951 | -5/Cetus | Manufactured an Enhanced Grunt 17954 | -5/Cetus | Spotted Cetus Guard 17955 | -5/Cetus | Spotted Cetus Guard 17961 | -5/Cetus | Allies destroyed Cetus Guard 17961 | -5/Cetus | Allies destroyed Cetus Guard 17968 | -5/Cetus | Allies destroyed Cetus Guard 17976 | -5/Cetus | Manufactured an Enhanced Grunt 18001 | -5/Cetus | Manufactured an Enhanced Grunt 18026 | -5/Cetus | Manufactured an Enhanced Grunt 18094 | -5/Cetus | Murdered A7 18107 | -5/Cetus | Extracted ID and sensor layout for unrecognized location from A7's data core 18114 | -5/Cetus | Identified exit to Archives 18167 | -5/Cetus | Entered Archives 18167 | -5/Archives | Accompanied by 20 allies 18262 | -5/Archives | Met Zhirov 18268 | -5/Archives | Reinforcements dispatched to Archives 18270 | -5/Archives | Discovered new exit (range 13) 18288 | -5/Archives | Identified exit to Hub_04(d) 18313 | -5/Archives | Reinforcements dispatched to Archives 18330 | -5/Archives | Entered Hub_04(d) 18330 | -5/Hub_04(d) | Accompanied by 18 allies 18456 | -5/Hub_04(d) | Discovered exit to Factory (range 14) 18486 | -5/Hub_04(d) | Build established: Hacker-Mutant 18630 | -5/Hub_04(d) | First assault squad dispatched 18723 | -5/Hub_04(d) | Lost 12 allies 18765 | -5/Hub_04(d) | Spotted B-75 Beast 18783 | -5/Hub_04(d) | Network Hub disabled 18798 | -5/Hub_04(d) | Destroyed B-75 Beast 18804 | -5/Hub_04(d) | Spotted Lightning 18815 | -5/Hub_04(d) | Spotted Lightning 18816 | -5/Hub_04(d) | Spotted Lightning 18816 | -5/Hub_04(d) | Spotted Lightning 18819 | -5/Hub_04(d) | Spotted Lightning 18822 | -5/Hub_04(d) | Spotted Lightning 18825 | -5/Hub_04(d) | System corruption reached 10% 18833 | -5/Hub_04(d) | Destroyed Lightning 18840 | -5/Hub_04(d) | Core integrity fell below 50% 18867 | -5/Hub_04(d) | Destroyed Lightning 18871 | -5/Hub_04(d) | System corruption reached 30% 18904 | -5/Hub_04(d) | Core integrity fell below 20% 18909 | -5/Hub_04(d) | Destroyed Lightning 18910 | -5/Hub_04(d) | Lost 6 parts (3n3u) 18956 | -5/Hub_04(d) | Destroyed by Lightning with EMDS Last Messages --------------- 18941_ Acquired 126 matter. 18942_ U-05 Engineer lays Concrete. 18943_ Penetrated by EMDS Slug. 18944_ System corrupted: Matter fused (-10). 18944_ U-05 Engineer lays Concrete. 18944_ K-01 Serf collects debris. 18945_ U-05 Engineer lays Concrete. 18946_ Penetrated by EMDS Slug. 18946_ Quantum Reactor destroyed. 18946_ Exp. Heat Sink destroyed. 18947_ U-05 Engineer lays Concrete. 18948_ K-01 Serf collects debris. 18948_ U-05 Engineer lays Concrete. 18950_ Dropped Huge Storage Unit. 18951_ Dropped Adv. Plasma Cannon. 18951_ U-05 Engineer lays Concrete. 18952_ K-01 Serf collects debris. 18953_ Acquired 89 matter. 18953_ U-05 Engineer lays Concrete. 18956_ EMDS Slug penetrates Wall. Map ----- +----------------------------------------------------+ | ????????????????????????????????????????? | | ????????????????????????????????????????? | | ????????????????????????????????????????? | | ?????????????????? ?????????????????????? | | ????????????????? ??????????????????? | | ???????????????# ??????????????????? | | ???????????"???# ??????????????????? | | ?????????" " ??" ??????????????????? | | ???????? #?#! ??????????????????? | | ???????? "##!= ??????????????????? | | ????????? " #%!= ??????????????????? | | ??????????#"#""#+##"##??????????????????? | | ############ !]*%!#???????????####???? | | # = ########??? #???? | | " " " "" #" ! # ;#### ""??? | | " " " """ #"" *% # ??? | | " " " T" #""" = + u ??? | | """ #"" %% # % ??? | | " " " "" # %|!!! "[!= ! #????????? | | " "%! [ ]!!=#h ]= %|#????????? | | " " " ######"" "#!=%! #????????? | | ! #????# # !#]!!! "" #????????? | | ! ! #???# ## #!%!! #????????? | | #######+####?? #]!! #????????? | | #????! !#??? ? # !# #????????? | | [#??? ###""""""#### #@u #????????? | | ##????" #" #### +????????? | | ??? ? "" " #????????? | | ??? """ !"" % "#####; #????????? | | #???? "" %= " "??###;##????????? | | #######+### * " "????? ????????? | | %* / %= " " ???? ???????? | | = / " " ????? #??????? | | #######/### " "?????? #??????? | | ##??? ## " "???????? #??????? | | T#? //! ## #????????? #??????? | | "## //! ## ! #????????? #??????? | | ### //! #############?????????? #??????? | | ??# #??????????????????????##??????? | | ??#! / #??????????????????????????????? | | ??########??????????????????????????????? | | ????????????????????????????????????????? | | ????????????????????????????????????????? | | ????????????????????????????????????????? | | ????????????????????????????????????????? | | ????????????????????????????????????????? | | ????????????????????????????????????????? | | ????????????????????????????????????????? | | ????????????????????????????????????????? | | ????????????????????????????????????????? | +----------------------------------------------------+ Best States ------------- Heat Dissipation 97 Energy Generation 25 Energy Capacity 350 Matter Stores 300 Matter Capacity 300 Sight Range 16 Robot Scan Range 16 Terrain Scan Density 10 Jamming Range 14 Armor Coverage 900 Evasion (%) 65 Core Analysis 6 Recoil Reduction 5 Offensive Hacking 52 Defensive Hacking 37 Trap Extractor Capacity 6 Item Schematics ----------------- Plasma Cutter | -9/Materials | Hacked ECM Suite | -9/Materials | Hacked Hacking Suite | -9/Materials | Scanalyzed Imp. Light Armor Plating | -9/Materials | Scanalyzed Imp. VTOL Module | -8/Materials | Scanalyzed Seismic Detector | -8/Materials | Scanalyzed Core Analyzer | -8/Materials | Scanalyzed Imp. Heavy Armor Plating | -8/Storage | Hacked Imp. Fusion Compressor | -6/Factory | Hacked Imp. Shock Absorption System | -6/Factory | Hacked Hvy. Shock Bomb Launcher | -6/Factory | Hacked Adv. Reaction Control System | -6/Factory | Hacked Combat Drone Bay | -6/Data Miner | Free Lgt. Regenerative Plating | -6/Data Miner | Free Cld. Gravmag System | -6/Data Miner | Free Adv. EM Disruption Field | -6/Data Miner | Free Hvy. Proton Missile Launcher | -6/Data Miner | Free Adv. Surge Thruster | -6/Data Miner | Free Imp. Point Defense System | -6/Data Miner | Free Imp. Recalibrator | -6/Data Miner | Free Phase Gun | -6/Data Miner | Free Hardcell Cannon | -6/Data Miner | Free Com. HERF Cannon | -6/Data Miner | Free Lgt. Particle Reactor | -6/Data Miner | Free Imp. Force Field | -5/Factory | Hacked Exp. Utility Shielding | -5/Factory | Hacked Imp. Heavy Siege Treads | -5/Factory | Hacked Cld. Nuclear Pulse Thruster | -5/Factory | Hacked Force Rifle | -5/Factory | Hacked Imp. Weapon Cycler | -5/Factory | Hacked Biometal Leg | -5/Extension | Hacked Exp. Propulsion Shielding | -5/Extension | Hacked Robot Schematics ------------------ A-02 Transporter | -8/Storage | Hacked B-60 Warrior | -6/Data Miner | Free C-35 Carver | -6/Data Miner | Free M-22 Extractor | -6/Data Miner | Free H-77 Assassin | -6/Data Miner | Free G-50 Soldier | -6/Data Miner | Free Fabricated ------------ B-48 Gladiator | x3 | -5/Factory | Preloaded Cld. Nuclear Pulse Thruster | x1 | -5/Factory Cld. Nuclear Pulse Thruster | x1 | -5/Factory Repaired ---------- Lgt. Treads | 17% | -10/Materials Gauss Rifle | 15% | -8/Storage Enh. Autogun | 41% | -8/Storage Adv. Plasma Cannon | 33% | -6/Factory Alien Tech Used ----------------- None Achievements -------------- None Challenges ------------ None Game ------ Seed FieldLaserMinigun Manual? 0 Play Time 02:49:01 Cumulative 730.2 hours Start 2025.05.17 @ 21:21:53 End 2025.05.21 @ 23:54:14 Sessions 5 Manual Loads 0 Difficulty Rogue Special Mode None Game No. 396 Rogue 391 Adventurer 5 Explorer 0 Win Type - Total 28 Types 7/1/11/1/1/0/5/1/1/0 Lore% 92 Gallery% 91 Achievement% 83 Wizard Run 0 Options --------- Layout 0 ASCII 0 Keyboard 0 Movement Mouse Keybinds 0 Fullscreen 2 Font 18/SmallcapsGlow Map View 38x25 Zoom Use 41% Tactical HUD 1 Map Filters NONE Filters NONE Steam 1 RUN: 2372a4fa-1c44-466a-abae-62d9d8780d9d